 Dungeon Crawl Stone Soup version 0.19.0-11-g3fc08b3 (webtiles) character file.

475 nubinia the Grasshopper (level 6, -10/42 HPs)
             Began as a High Elf Warper on Nov 9, 2016.
             Was an Initiate of Sif Muna.
             Killed from afar by Ijyb (20 damage)
             ... with a wand of lightning
             ... on level 4 of the Dungeon.
             The game lasted 00:32:39 (5191 turns).

nubinia the Grasshopper (High Elf Warper)           Turns: 5191, Time: 00:32:40

Health: -10/42     AC:  4    Str: 10    XL:     6   Next: 84%
Magic:  11/11      EV: 13    Int: 19    God:    Sif Muna [......]
Gold:   107        SH:  0    Dex: 15    Spells: 3 memorised, 4 levels left

rFire  + . .     SeeInvis .     n - +1 dagger (venom)
rCold  x . .     Gourm    .     b - +1 leather armour
rNeg   . . .     Faith    .     (no shield)
rPois  .         Spirit   .     (no helmet)
rElec  .         Reflect  .     (no cloak)
rCorr  .         Harm     .     (no gloves)
MR     .....                    (no boots)
Stlth  ++........               (no amulet)
                                v - ring of fire
                                p - ring of wizardry

@: very slightly contaminated
A: no striking features
a: Renounce Religion


You were on level 4 of the Dungeon.
You worshipped Sif Muna.
Sif Muna was noncommittal.
You were not hungry.

You visited 1 branch of the dungeon, and saw 5 of its levels.
You also visited: Ossuary.

You collected 107 gold pieces.

Inventory:

Hand Weapons
 a - a +0 falchion
 i - a +0 falchion
 n - a +1 dagger of venom (weapon)
Missiles
 e - 5 tomahawks of dispersal
 o - 9 tomahawks (quivered)
Armour
 b - a +1 leather armour (worn)
Jewellery
 p - a ring of wizardry (left hand)
 v - a ring of fire (right hand)
Scrolls
 d - 3 scrolls of blinking
 g - 7 scrolls of remove curse
 j - a scroll of amnesia {unknown}
 k - a scroll of recharging {unknown}
 m - a scroll of identify
 s - a scroll of magic mapping {unknown}
 u - a scroll of teleportation
Potions
 h - a potion of lignification {unknown}
 l - a potion of might
 t - 3 potions of mutation
Books
 c - a book of Spatial Translocations

   Spells                             Type                      Level
   a - Blink                          Translocation                2
   b - Shroud of Golubria             Charms/Translocation         2
   c - Lesser Beckoning               Translocation                3
   d - Portal Projectile              Translocation                3
   e - Teleport Other                 Translocation                3
   f - Passage of Golubria            Translocation                4
Comestibles
 f - 3 bread rations
 q - a meat ration
 r - a slice of pizza


   Skills:
 + Level 3.2 Fighting
 + Level 3.4(4.1) Short Blades
 + Level 3.2(4.0) Long Blades
 + Level 1.4 Throwing
 - Level 1.4 Armour
 + Level 3.9 Dodging
 + Level 1.6 Stealth
 * Level 3.1 Spellcasting
 * Level 3.1 Charms
 * Level 4.0 Translocations


You had 4 spell levels left.
You knew the following spells:

 Your Spells              Type           Power        Failure   Level  Hunger
a - Blink                 Tloc           N/A          3%          2    ##.....
c - Lesser Beckoning      Tloc           ###.......   6%          3    ###....
g - Shroud of Golubria    Chrm/Tloc      ###.......   4%          2    ##.....


Dungeon Overview and Level Annotations

Branches:
Dungeon (5/15)
 Temple: D:4-7

Altars:
Nemelex Xobeh
Okawaru
Ru
Sif Muna
Yredelemnul
Zin
The Shining One

Annotations:
D:3 PerKiller's ghost, amateur TeFE
D:4 Blork the orc; Grinder; Ijyb
D:5 Sigmund


Message History

* * * LOW HITPOINT WARNING * * *
Blink to where?
Press: ? - help, Dir - move target cursor You are very lightly contaminated with residual magic.
As you read the scroll of blinking, it crumbles to dust.
Blork the orc points at you and mumbles some strange words.
The puff of flame hits you! You resist.
* * * LOW HITPOINT WARNING * * *
Blork the orc gestures at you while chanting.
The puff of frost misses you.
Blink to where?
Press: ? - help, Dir - move target cursor
As you read the scroll of blinking, it crumbles to dust.
Found a ring mail.
You see here a ring mail.
There is a stone staircase leading down here.
You start resting.
Ijyb screams, "Level is mine!
All mine!"
Ijyb zaps a wand.
The bolt of lightning hits you!
You die...

#########
#.......# ......
#.#####.# ......
#.# #.# ...... #.#
#.#
......####.#####.#
......+.........@#
......####g.######
............#
######.####.#
######.# #.#
..[..#.# #.#
####.#.# #.#
#...####.#######
##.............#


You could see Ijyb.

Vanquished Creatures
  2 crimson imps (D:5)
  A hound (D:4)
  4 orc wizards
  An orc priest (D:3)
  A bullfrog skeleton (D:4)
  A worker ant (D:4)
  A hound zombie (D:5)
  A mummy (D:5)
  3 adders (D:3)
  2 adder zombies (Ossuary)
  2 worms
  A dart slug (D:1)
  2 leopard geckos (D:3)
  18 orcs
  4 giant cockroaches
  A gnoll zombie (Ossuary)
  5 goblins
  5 hobgoblins
  10 jackals
  4 quokkas
  4 ball pythons
  7 bats
  2 frilled lizards
  5 goblin zombies (Ossuary)
  2 hobgoblin zombies (Ossuary)
  A jackal skeleton (D:4)
  4 kobolds
  A quokka skeleton (D:4)
  2 quokka zombies (Ossuary)
  8 rats
  3 rat zombies (Ossuary)
108 creatures vanquished.

Vanquished Creatures (others)
  2 rat zombies (Ossuary)
2 creatures vanquished.

Grand Total: 110 creatures vanquished

Notes
Turn   | Place    | Note
-------+----------+-------------------------------------------
     0 | D:1      | nubinia the High Elf Warper began the quest for the Orb.
     0 | D:1      | Reached XP level 1. HP: 14/14 MP: 4/4
    90 | D:1      | Reached skill level 1 in Armour
   315 | D:1      | Reached XP level 2. HP: 17/19 MP: 6/6
   378 | D:1      | Learned a level 2 spell: Blink
   381 | D:1      | Learned a level 2 spell: Shroud of Golubria
   712 | D:2      | Found a glowing golden altar of the Shining One.
   714 | D:2      | Noticed an angel
   723 | D:2      | Found a basalt altar of Yredelemnul.
  1379 | D:3      | Reached XP level 3. HP: 24/24 MP: 7/7
  1424 | D:2      | Learned a level 3 spell: Lesser Beckoning
  2076 | D:2      | Reached skill level 1 in Short Blades
  2076 | D:2      | Reached skill level 1 in Charms
  2076 | D:2      | Reached XP level 4. HP: 15/30 MP: 8/8
  2633 | D:3      | Reached XP level 5. HP: 10/35 MP: 9/9
  2879 | D:3      | Found a glowing silver altar of Zin.
  2945 | D:3      | Found a sparkling altar of Nemelex Xobeh.
  3065 | D:3      | Found a sacrificial altar of Ru.
  3066 | D:3      | Found an iron altar of Okawaru.
  3194 | D:3      | Noticed PerKiller's ghost (amateur TeFE)
  3535 | D:4      | Reached skill level 1 in Stealth
  3698 | D:4      | Noticed an ogre
  3739 | D:5      | Entered Level 5 of the Dungeon
  3769 | D:5      | Noticed Sigmund
  3787 | D:5      | Found a deep blue altar of Sif Muna.
  3792 | D:5      | Became a worshipper of Sif Muna the Loreminder
  3920 | D:5      | Reached XP level 6. HP: 40/41 MP: 11/11
  4040 | D:5      | Noticed a sky beast
  4076 | D:5      | Found a sand-covered staircase.
  4085 | Ossuary  | Entered an ossuary
  4270 | Ossuary  | HP: 1/42 [elf zombie (2)]
  4818 | D:4      | Reached skill level 4 in Translocations
  4938 | D:4      | Noticed Grinder
  4944 | D:4      | Noticed Blork the orc
  5075 | D:4      | Noticed Ijyb
  5191 | D:4      | Killed from afar by Ijyb

Skill      XL: |  1  2  3  4  5  6 |
---------------+-------------------+-----
Armour         | 1 |  1.4
Long Blades    | 3 |  3.2
Short Blades   | 1 2 3 |  3.4
Charms         | 1 2 3 |  3.1
Dodging        | 3 |  3.9
Stealth        | 1 |  1.6
Fighting       | 3 |  3.2
Translocations | 4 |  4.0
Spellcasting   | 3 |  3.1
Throwing       | |  1.4

Action                   |  1- 3 |  4- 6 || total
-------------------------+-------+-------++-------
Melee: Falchion          |    36 |       ||    36
       Dagger            |    77 |   369 ||   446
Throw: Tomahawk          |       |     7 ||     7
 Cast: Shroud of Golubri |     2 |    10 ||    12
       Lesser Beckoning  |       |     1 ||     1
       Blink             |       |     5 ||     5
  Use: Scroll            |     3 |    13 ||    16
       Potion            |       |     5 ||     5
  Eat: Chunk             |     2 |    10 ||    12
       Beef jerky        |     1 |     1 ||     2
Armor: Leather armour    |    25 |    83 ||   108
Dodge: Dodged            |    51 |   275 ||   326
       Rpst.: Falchion   |     9 |       ||     9
